Map: Eternal Empire LE

Players

Cuddlebear

  • Race: Terran Terran
  • Spawn Location: 1:00

BluE - Winner!

  • Race: Protoss Protoss
  • Spawn Location: 7:00

Event: IEM Katowice 2020

VOD

Have the link to the VOD?

Description

Time

  • Played on: Feb. 25, 2020, 9:30 a.m.
  • Length: 18:54

All games in this series

Show
View Real Time Build Order
Export as new Build Order

Cuddlebear Terran 

Build Orders: Reaper Expand 

Get SALT Encoding   

  12  0:00  SCV  
  13  0:13  SCV  
  14  0:17  Supply Depot  
  14  0:25  SCV  
  15  0:38  SCV  
  15  0:39  Barracks  
  16  0:44  Refinery  
  16  0:50  SCV  
  17  1:03  SCV  
  18  1:15  SCV  
  19  1:29  Orbital Command  
  19  1:30  Reaper  
  20  1:47  Command Center  
  20  1:56  SCV  
  20  1:58  Supply Depot  
  21  2:02  Marine  
  22  2:10  SCV  
  22  2:13  Factory  
  23  2:22  SCV, Barracks Reactor  
  24  2:34  SCV  
  24  2:46  SCV, Refinery  
  25  2:58  SCV, Starport  
  26  2:59  Hellion  
  26  3:01  Marine x2  
  26  3:02  Orbital Command  
  30  3:10  SCV  
  31  3:13  Supply Depot  
  31  3:18  Marine  
  31  3:19  Marine  
  33  3:22  SCV  
  33  3:23  Widow Mine  
  36  3:28  SCV  
  37  3:34  SCV  
  37  3:36  Marine x2  
  37  3:38  Supply Depot  
  37  3:41  SCV  
  41  3:42  Medivac  
  41  3:44  Widow Mine  
  41  3:47  SCV  
  46  3:51  Barracks  
  46  3:56  Barracks  
  46  3:57  SCV  
  46  4:01  Marine x2  
  49  4:03  SCV  
  49  4:06  Widow Mine  
  49  4:09  SCV  
  53  4:13  Starport Tech Lab  
  53  4:19  Engineering Bay  
  53  4:20  Marine x2  
  53  4:21  Supply Depot  
  55  4:28  SCV  
  56  4:36  Factory Tech Lab  
  56  4:37  SCV  
  55  4:39  Barracks Tech Lab  
  55  4:40  SCV  
  55  4:42  Refinery  
  55  4:44  Marine  
  55  4:45  Bunker, Marine  
  58  4:49  SCV, Starport Reactor, Factory Reactor  
  58  4:50  Terran Infantry Weapons Level 1  
  58  4:52  SCV, Supply Depot  
  60  4:56  Marauder  
  60  4:57  Stimpack  
  60  5:01  SCV  
  60  5:04  SCV  
  60  5:08  Marine  
  60  5:09  Marauder  
  60  5:13  SCV  
  64  5:15  Supply Depot  
  64  5:16  SCV, Marine  
  64  5:19  Marine  
  64  5:20  Combat Shield  
  67  5:30  Refinery  
  67  5:34  Widow Mine  
  67  5:35  Marauder, Widow Mine, Marine x2  
  73  5:38  Supply Depot  
  73  5:40  SCV  
  73  5:42  SCV, Supply Depot  
  75  5:45  Medivac  
  75  5:49  Medivac, Marine  
  79  5:52  SCV  
  82  5:58  Widow Mine x2  
  82  6:00  Marine  
  82  6:04  Marauder  
  89  6:06  Supply Depot  
  86  6:13  SCV  
  86  6:15  Marauder, Marine  
  86  6:17  Medivac  
  92  6:24  Medivac  
  92  6:25  Widow Mine x2, Marine  
  98  6:26  Marine  
  98  6:30  Supply Depot  
  100  6:32  Marine  
  100  6:36  Marine  
  102  6:40  Supply Depot  
  102  6:46  Marauder, Marine  
  105  6:50  Marine  
  105  6:51  Medivac  
  107  6:54  Medivac, Marauder  
  111  7:05  Command Center  
  111  7:07  Marine  
  112  7:11  Marine  
  112  7:12  Marauder  
  109  7:23  Marauder  
  109  7:25  Medivac x2, Marine  
  116  7:30  Marine  
  116  7:33  Marauder  
  119  7:38  Barracks  
  119  7:43  SCV  
  120  7:44  Marauder  
  120  7:46  Barracks  
  122  7:54  Factory Tech Lab  
  117  8:01  Marauder, Marine  
  117  8:03  Viking x2  
  118  8:05  SCV  
  118  8:09  Starport  
  118  8:11  Marine  
  118  8:12  Marauder  
  120  8:18  Concussive Shells  
  120  8:19  Marine  
  119  8:23  Marauder  
  119  8:26  Terran Infantry Armor Level 1  
  121  8:29  Supply Depot, Marine  
  121  8:33  Orbital Command  
  122  8:37  Marauder, Marine  
  122  8:41  Viking  
  127  8:52  Marine  
  127  8:53  Marauder  
  130  8:56  Orbital Command  
  130  8:57  Starport Reactor  
  130  8:58  Marauder, Marine  
  132  9:03  Marine  
  132  9:04  Marauder  
  132  9:09  Viking, Marine  
  138  9:10  SCV  
  138  9:14  Marauder  
  141  9:18  Viking  
  141  9:20  Marauder  
  141  9:21  SCV  
  146  9:24  SCV x2  
  148  9:33  SCV  
  148  9:35  Marine  
  148  9:36  Marauder  
  147  9:38  Marine  
  147  9:39  Marauder  
  149  9:58  Marine  
  149  10:04  Marine  
  149  10:05  Viking, Marine  
  149  10:06  Viking, Marauder  
  149  10:07  Marauder  
  149  10:08  Marine  
  149  10:09  Marauder  
  136  10:16  Marine  
  135  10:21  Marine  
  135  10:23  Marine  
  135  10:27  Marauder  
  134  10:28  Marine  
  134  10:29  Marauder  
  134  10:30  Marauder  
  134  10:33  Marine  
  134  10:41  SCV x3  
  125  10:50  Marauder  
  125  10:51  Marine  
  125  10:52  Marauder  
  125  10:53  SCV x3  
  133  11:01  Marine x3  
  136  11:06  Armory, Marauder  
  136  11:10  Engineering Bay, Refinery x2  
  136  11:11  Marine  
  136  11:12  Marauder  
  136  11:18  Marauder  
  141  11:19  Marine  
  141  11:20  Medivac  
  141  11:23  Medivac  
  141  11:25  Liberator  
  149  11:35  SCV  
  148  11:49  Supply Depot  
  148  11:50  Supply Depot  
  148  11:51  Marauder, Marine  
  149  12:04  Terran Infantry Armor Level 2, Terran Infantry Weapons Level 2  
  149  12:05  Supply Depot x2  
  149  12:08  Terran Ship Weapons Level 1  
  149  12:11  SCV x3, Marauder, Marine, Liberator  
  158  12:23  SCV x2  
  158  12:24  SCV  
  161  12:30  Ghost Academy  
  161  12:34  Marine  
  161  12:35  Marauder  
  167  12:41  Command Center  
  167  12:44  Marauder, Marine  
  167  12:47  Marauder, Marine  
  166  12:58  Liberator  
  166  12:59  Liberator  
  166  13:00  Liberator  
  166  13:01  Enhanced Shockwaves  
  175  13:06  Ghost  
  177  13:14  Ghost  
  177  13:15  Marine  
  180  13:28  Ghost  
  161  13:39  Marauder, Marine  
  158  13:42  Marine  
  158  13:43  Ghost  
  158  13:48  Marine  
  144  13:51  SCV  
  144  13:52  SCV x2  
  143  13:57  Ghost  
  143  14:00  Ghost  
  146  14:07  Marine  
  137  14:10  SCV x3  
  137  14:11  Ghost  
  126  14:22  SCV x2  
  126  14:24  Marine x2  
  120  14:25  Ghost  
  120  14:26  SCV, Marine  
  120  14:29  Marauder  
  120  14:30  Marine  
  129  14:32  Refinery  
  129  14:34  SCV x2  
  131  14:41  Marauder  
  131  14:42  Liberator  
  136  14:50  Ghost  
  138  14:58  Ghost, Marine  
  141  15:00  SCV x2  
  141  15:01  SCV  
  139  15:17  Liberator x2  
  143  15:24  Missile Turret  
  138  15:29  SCV x2  
  138  15:30  SCV  
  138  15:35  Ghost x2, Marine  
  139  15:36  Marine  
  139  15:41  SCV x2, Marine  
  143  15:44  SCV  
  129  15:53  SCV, Marauder  
  130  16:04  Liberator  
  130  16:05  Starport Reactor  
  130  16:06  SCV  
  130  16:07  SCV  
  135  16:13  SCV  
  135  16:17  Liberator  
  139  16:19  SCV  
  126  16:34  Marauder, Marine  
  126  16:35  Marauder, Marine  
  126  16:39  Marine  
  132  16:40  Marauder  
  135  16:50  Marine  
  135  16:53  Liberator  
  137  16:56  Marauder  
  137  16:58  Marine  
  137  16:59  Marauder  
  142  17:04  Marine  
  142  17:05  Marauder  
  142  17:07  SCV x2  
  145  17:20  Marine  
  145  17:21  Marauder, Marine  
  145  17:22  Marauder  
  130  17:32  Marine  
  130  17:33  Marauder  
  129  17:38  Medivac x2  
  133  17:47  Marauder, Marine  
  133  17:50  Marauder, Marine  
  133  17:51  SCV x2  
  124  18:00  Marine x2  
  124  18:01  Marauder  
  124  18:05  Marine  
  115  18:08  Marine  
  115  18:09  Marauder  
  115  18:12  Marauder  
  114  18:22  Marauder  
  114  18:27  Marine x2  
  109  18:33  Marine  
Show
View Real Time Build Order
Export as new Build Order

BluE Protoss - Winner!

Build Orders: 1 Gate Expand, Blink Stalkers 

Get SALT Encoding   

  12  0:00  Probe  
  13  0:12  Probe  
  14  0:18  Pylon  
  14  0:24  Probe (Chrono Boost)  
  15  0:37  Probe (Chrono Boost), Gateway  
  16  0:44  Probe (Chrono Boost)  
  16  0:46  Assimilator  
  17  0:51  Probe  
  18  1:03  Probe  
  19  1:15  Probe  
  20  1:24  Nexus  
  20  1:36  Cybernetics Core  
  20  1:38  Probe  
  21  1:47  Assimilator  
  21  1:51  Probe, Pylon  
  22  2:03  Probe  
  23  2:09  Adept (Chrono Boost)  
  23  2:14  Warp Gate  
  25  2:15  Probe (Chrono Boost)  
  26  2:25  Probe (Chrono Boost)  
  26  2:26  Twilight Council  
  27  2:30  Probe (Chrono Boost)  
  28  2:38  Stalker  
  29  2:44  Probe (Chrono Boost)  
  29  2:50  Probe (Chrono Boost)  
  30  2:53  Probe (Chrono Boost)  
  30  2:57  Probe (Chrono Boost)  
  32  2:59  Probe  
  32  3:01  Blink (Chrono Boost)  
  33  3:11  Probe (Chrono Boost)  
  33  3:12  Probe (Chrono Boost)  
  35  3:14  Stalker  
  38  3:20  Probe (Chrono Boost)  
  38  3:23  Probe (Chrono Boost)  
  38  3:25  Probe (Chrono Boost)  
  39  3:33  Gateway  
  41  3:34  Probe (Chrono Boost)  
  41  3:37  Probe (Chrono Boost)  
  42  3:43  Robotics Facility  
  46  3:48  Probe (Chrono Boost)  
  46  3:49  Probe (Chrono Boost)  
  46  3:55  Pylon  
  46  3:58  Pylon  
  46  4:01  Probe x2  
  46  4:08  Nexus  
  46  4:13  Probe  
  46  4:16  Assimilator  
  47  4:18  Probe  
  47  4:20  Stalker, Assimilator  
  50  4:25  Probe  
  50  4:27  Pylon  
  50  4:30  Probe  
  52  4:31  Stalker  
  52  4:37  Probe  
  55  4:39  Observer  
  55  4:42  Probe  
  55  4:44  Stalker  
  59  4:47  Pylon  
  59  4:49  Probe  
  60  4:54  Probe  
  60  4:56  Robotics Bay  
  61  5:01  Probe  
  61  5:06  Probe, Pylon  
  63  5:07  Observer  
  63  5:10  Forge  
  65  5:14  Probe (Chrono Boost)  
  65  5:17  Stalker  
  68  5:21  Stalker  
  68  5:22  Probe x2 (Chrono Boost)  
  72  5:31  Probe (Chrono Boost), Pylon  
  72  5:32  Probe (Chrono Boost)  
  72  5:34  Probe (Chrono Boost)  
  74  5:37  Probe (Chrono Boost), Immortal (Chrono Boost)  
  74  5:38  Probe (Chrono Boost)  
  74  5:39  Observer  
  80  5:43  Probe, Sentry  
  80  5:44  Sentry, Observer  
  80  5:49  Probe, Charge  
  86  5:51  Protoss Ground Weapons Level 1  
  86  6:00  Probe, Gateway  
  86  6:02  Gateway  
  87  6:05  Probe  
  87  6:10  Colossus (Chrono Boost)  
  88  6:15  Probe x2  
  96  6:20  Gateway  
  96  6:23  Gateway  
  96  6:25  Pylon  
  96  6:27  Gateway x2  
  96  6:29  Sentry x2  
  100  6:32  Pylon  
  100  6:33  Assimilator  
  100  6:37  Assimilator  
  100  6:40  Pylon  
  100  6:47  Extended Thermal Lance  
  100  6:50  Pylon  
  100  6:53  Shield Battery  
  98  6:54  Shield Battery, Pylon  
  98  6:55  Colossus (Chrono Boost)  
  104  7:02  Zealot x3  
  104  7:05  Zealot  
  112  7:08  Pylon  
  110  7:23  Stalker x3  
  110  7:24  Stalker x2  
  120  7:34  Colossus (Chrono Boost)  
  118  7:44  Probe  
  125  7:46  Pylon  
  125  7:50  Zealot  
  116  7:59  Zealot  
  116  8:00  Protoss Ground Weapons Level 2 (Chrono Boost), Zealot x3  
  116  8:06  Stalker x2  
  116  8:07  Stalker  
  122  8:19  Forge  
  120  8:21  Pylon  
  120  8:23  Warp Prism (Chrono Boost)  
  122  8:30  Dark Shrine, Templar Archives  
  122  8:35  Zealot x4  
  122  8:36  Zealot  
  132  8:43  Shield Battery  
  132  8:50  Protoss Ground Armor Level 1 (Chrono Boost)  
  132  8:51  Zealot x3  
  132  8:54  Pylon  
  142  9:07  Dark Shrine, Robotics Facility  
  138  9:19  Zealot x4  
  138  9:20  Zealot x4  
  152  9:27  Psionic Storm  
  148  9:43  Zealot x3  
  148  9:44  Zealot x4  
  158  9:48  Pylon  
  150  10:01  Nexus  
  150  10:07  Stalker x3  
  129  10:08  Probe x2  
  129  10:13  Probe  
  128  10:18  High Templar x2  
  128  10:19  High Templar x2  
  128  10:21  Probe  
  133  10:22  Zealot  
  133  10:33  Stalker x3  
  121  10:40  Probe x2  
  121  10:41  Pylon  
  119  10:45  Warp Prism (Chrono Boost)  
  119  10:49  Protoss Ground Weapons Level 3 (Chrono Boost)  
  121  11:03  Probe x2  
  122  11:04  Disruptor  
  125  11:12  High Templar x5  
  125  11:14  High Templar  
  137  11:19  Archon x2  
  137  11:20  Zealot x2, Archon  
  137  11:23  Protoss Ground Armor Level 2 (Chrono Boost)  
  141  11:26  Probe x2  
  141  11:27  Probe  
  141  11:30  Probe  
  141  11:32  Pylon  
  145  11:38  Probe  
  144  11:43  Disruptor  
  144  11:44  Disruptor  
  150  11:49  High Templar  
  150  11:50  Zealot, High Templar x2  
  150  11:51  Zealot x3, High Templar  
  160  11:55  Archon  
  160  11:56  Archon  
  160  11:59  Assimilator x2  
  160  12:06  Dark Shrine  
  156  12:19  Warp Prism (Chrono Boost), Zealot x4  
  156  12:20  Pylon  
  156  12:21  Disruptor (Chrono Boost)  
  169  12:29  Pylon  
  167  12:30  Stalker x3  
  167  12:34  Zealot  
  175  12:45  Stalker x2  
  175  12:49  Warp Prism (Chrono Boost), Stalker  
  172  13:00  Disruptor  
  175  13:17  Stargate  
  175  13:27  Nexus  
  175  13:29  Disruptor  
  175  13:30  Pylon  
  170  13:35  Zealot x6  
  170  13:36  Zealot, Disruptor  
  175  13:49  Zealot  
  175  13:56  Zealot x7  
  173  14:05  Disruptor  
  158  14:12  Disruptor  
  149  14:18  Stalker  
  149  14:19  Stalker x6  
  151  14:27  Zealot  
  151  14:28  Archon  
  149  14:40  Probe x2, Shadow Stride  
  149  14:41  Unknown  
  154  14:46  Gateway  
  154  14:48  Gateway  
  154  14:50  Gateway  
  154  14:52  Probe x2  
  156  14:53  Probe  
  154  15:00  Fleet Beacon  
  154  15:02  Zealot x4  
  154  15:04  Dark Templar  
  164  15:07  Dark Templar  
  156  15:24  Stargate  
  156  15:29  Stargate  
  156  15:30  Dark Templar  
  156  15:32  Warp Prism  
  156  15:44  Tempest (Chrono Boost)  
  155  15:53  Protoss Ground Armor Level 3  
  155  15:54  Protoss Shields Level 1  
  155  15:57  Pylon  
  152  16:07  Tempest (Chrono Boost), Stalker x5  
  167  16:12  Tempest (Chrono Boost)  
  175  16:27  Tempest (Chrono Boost)  
  175  16:29  High Templar x2  
  177  16:33  Nexus  
  177  16:37  Warp Prism  
  177  16:38  Warp Prism  
  181  16:41  High Templar x2  
  181  16:42  High Templar  
  181  16:43  High Templar  
  181  16:46  Archon  
  189  16:48  Archon  
  189  16:49  Tempest (Chrono Boost)  
  194  16:59  High Templar x2  
  198  17:06  Dark Templar x2  
  198  17:07  Dark Templar  
  200  17:15  Dark Templar x2  
  197  17:16  Zealot x2  
  197  17:19  Zealot x2  
  184  17:29  Tempest  
  181  17:30  Warp Prism  
  181  17:33  Zealot  
  181  17:34  Zealot  
  170  17:38  Dark Templar x2  
  170  17:41  Dark Templar  
  172  17:46  Zealot x4  
  161  18:04  Tempest  
  166  18:06  Zealot  
  147  18:31  High Templar x2  
  147  18:32  High Templar x3  
  147  18:33  Dark Templar  
  159  18:34  Dark Templar  
  159  18:35  High Templar  
  159  18:37  Archon x2  
  157  18:49  Dark Templar  

Tags
 
Add a new tag
Caveats
  • Supply blocks, unpowered buildings, or Contaminate may cause inaccurate times.
  • Supply counts are checked every 10 seconds.